AoeStats
← Rodrigo Lao Tse

Arabia

507052204Analyzed
1v1 RM · 16d ago on Sep 16, 2026· 37m 8s· 2 players
Game mode
Random Map
Map size
Tiny (2 player)
Population
200
Speed
Normal
Resources
Standard
Victory
Conquest
Starting age
Dark Age
Ending age
Imperial Age
RankedLock teamsTeams togetherTeam positionsShared explorationLock speedFull tech treeHidden civsTurbo modeCheats
Victory
Defeat
🇷🇺 Romans · Russia
907
+16
🇨🇱 Britons · Chile
906
-42
Rodrigo Lao Tse
6:23 Loom
12:57 Feudal Age
13:48 Double-Bit Axe
14:24 Gold Mining
20:16 Horse Collar
23:19 Wheelbarrow
26:24 Castle Age
27:43 Stone Mining
29:44 Pikeman
34:53 Squires
37:12 Scale Mail Armor
유독한 사람
9:27 Loom
12:08 Feudal Age
16:30 Castle Age
15:15 Horse Collar
16:05 Double-Bit Axe
25:39 Scale Barding Armor
29:18 Chain Barding Armor
34:04 Forging
34:15 Gold Mining
36:51 Iron Casting
Connection lost

Rejoining the realm…

Still unreachable

The connection could not be restored.

Session expired

The server has moved on; the page needs a fresh start.